 Dungeon Crawl Stone Soup version 0.31-a0-844-gdc52ec4e09 (webtiles) character file.

Game seed: 16781355372454533722

259 Lugonue the Insei (level 5, -4/33 (42) HPs)
             Began as a Demigod Wanderer on Sept 30, 2023.
             Slain by Duvessa
             ... wielding a +3 short sword of electrocution
              (11 damage)
             ... on level 4 of the Dungeon.
             The game lasted 00:24:39 (3926 turns).

Lugonue the Insei (Demigod Wanderer)                Turns: 3926, Time: 00:24:39

HP:   -4/33 (42)    AC:  5    Str: 13 (15) XL:     5   Next: 63%
MP:   10/10         EV: 10    Int: 12 (14) God:
Gold: 282           SH:  4    Dex: 12 (15) Spells: 6/7 levels left

rFire   . . .        d - +2 short sword (venom)
rCold   . . .        c - +0 buckler
rNeg    . . .        h - +0 leather armour
rPois   .            (no helmet)
rElec   .            (no cloak)
rCorr   .            (no gloves)
SInv    .            p - +1 pair of boots
Will    .....        j - amulet of regeneration
Stlth   ++           (no ring)
HPRegen 1.05/turn    (no ring)
MPRegen 0.12/turn

%: no passive effects
@: heavily drained
A: high MP 1, forlorn, divine attributes
a: no special abilities


You were on level 4 of the Dungeon.
You visited 1 branch of the dungeon, and saw 4 of its levels.

You collected 282 gold pieces.

Inventory:

Hand Weapons
 b - a +0 short sword of draining
 d - a +2 short sword of venom (weapon)
 l - the +9 battleaxe "Gace" {heavy, Str+2}
   (You found it on level 3 of the Dungeon)

   Str+2:     It affects your strength (+2).
Missiles
 g - 6 boomerangs
 k - 2 poisoned darts (quivered)
 m - 10 javelins
Armour
 c - a +0 buckler (worn)
 e - a +0 robe
 h - a +0 leather armour (worn)
 p - a +1 pair of boots (worn)
Jewellery
 i - a ring of protection from cold
 j - an amulet of regeneration (around neck)
 r - an amulet of reflection
Talismans
 n - a flux talisman


   Skills:
 - Level 2.5 Fighting
 + Level 2.6 Axes
 - Level 1.0 Dodging
 - Level 3.0 Stealth
 - Level 1.0 Shields
 - Level 4.0 Unarmed Combat
 - Level 1.9 Spellcasting
 - Level 1.0 Necromancy


You had 6 spell levels left.
You knew the following spells:

 Your Spells              Type           Power      Damage    Failure   Level
a - Kiss of Death         Conj/Necr      8%         2d6       38%         1

Your spell library contained the following spells:

 Spells                   Type           Power      Damage    Failure   Level
 Apportation              Tloc           2%         N/A       45%         1
 Jinxbite                 Hex            2%         N/A       58%         2
 Vampiric Draining        Necr           3%         2d6       69%         3
 Alistair's Intoxication  Tmut/Pois      0%         N/A       100%        5


Dungeon Overview and Level Annotations

Branches:
Dungeon (4/15)
 Temple: D:4-7

Shops:
D:2 (

Annotations:
D:3 exclusion: gnoll, Crazy Yiuf
D:4 Duvessa


Innate Abilities, Weirdness & Mutations

You have an increased reservoir of magic. (+10% MP)
You shall have no god before yourself.
Your divine heritage dramatically boosts your attributes as you level up.


Message History

You climb downwards.
Level annotation: Duvessa
There is a stone staircase leading up here.
There is an open door here.
There is an open door here.
What are your orders? t - Shout!
Orders for allies: a - Attack new target. r - Retreat! s - Stop attacking. g - Guard the area. f - Follow me.
Anything else - Cancel.
You shout for attention!
You hear a shout!
You hear an angry hiss.
You hear a shout!
You hear an angry hiss.
There is an open door here.
There is an open door here.
You aren't carrying any scrolls.
Unknown command.
You aren't carrying any potions.
Unknown command.
You barely miss Duvessa. Duvessa barely misses you.
You hit Duvessa but do no damage.
Duvessa hits you with a +3 short sword of electrocution!
Duvessa closely misses you.
You barely miss Duvessa. Duvessa completely misses you.
You hit Duvessa.
Duvessa is poisoned.
Duvessa is lightly wounded.
Duvessa misses you.
You hit Duvessa.
Duvessa looks as sick as possible!
Duvessa is lightly wounded.
Duvessa hits you with a +3 short sword of electrocution.
You are electrocuted!
You hit Duvessa.
Duvessa looks as sick as possible!
Duvessa is moderately wounded.
Duvessa completely misses you.
You hit Duvessa but do no damage.
Duvessa is moderately wounded.
Duvessa hits you with a +3 short sword of electrocution!
* * * LOW HITPOINT WARNING * * *
You are electrocuted!
You die...

..=. #.........# ...
#.........# #..
#.........#
#.######.........#
#.#..............#
#####.#..###..>......#
#.......e###.........#
#.#......#...........#
#.#.##.#.#@#.........#
#.#<...##e.).#########
#.#######....#
#............#
#########....# #....#
#....# #....# #....#


You could see Duvessa (extremely poisoned).

Vanquished Creatures
  A scorpion (D:3)
  Jessica (D:3)
  A gnoll (D:3)
  8 adders
  A worm (D:4)
  3 dart slugs
  9 orcs
  8 endoplasms
  3 giant cockroaches
  6 goblins
  5 hobgoblins
  6 kobolds
  3 quokkas
  A ball python (D:1)
  4 bats
  3 frilled lizards
  11 rats
74 creatures vanquished.

Notes
Turn   | Place    | Note
-------+----------+-------------------------------------------
     0 | D:1      | Lugonue the Demigod Wanderer began the quest for the Orb.
     0 | D:1      | Lugonue set off with the following items: a +0 dagger, a
                  | potion of brilliance, a +0 buckler, a potion of attraction,
                  | a +0 robe, a potion of berserk rage; and the following
                  | spell memorised: Kiss of Death; and the following spells
                  | available to memorise: Vampiric Draining.
     0 | D:1      | Reached XP level 1. HP: 16/16 MP: 4/4
   178 | D:1      | Reached skill level 4 in Unarmed Combat
   274 | D:1      | Reached XP level 2. HP: 19/21 MP: 5/5
   900 | D:2      | Found Sucir's Weapon Shoppe.
   973 | D:2      | Reached XP level 3. HP: 22/25 MP: 4/6
  1515 | D:3      | Noticed Jessica
  1526 | D:3      | Killed Jessica
  1527 | D:3      | Reached XP level 4. HP: 8/25 MP: 5/8
  2006 | D:3      | Identified the +9 battleaxe "Gace" {heavy, Str+2}
  2259 | D:3      | Found a runed translucent door.
  2262 | D:3      | Noticed Crazy Yiuf
  2754 | D:4      | Noticed Duvessa
  3076 | D:4      | Reached XP level 5. HP: 21/26 MP: 10/10
  3262 | D:3      | HP: 1/26 [poisoned by a scorpion]
  3267 | D:3      | HP: 1/26 [poisoned by a scorpion]
  3414 | D:4      | Reached skill level 1 in Axes
  3926 | D:4      | Slain by Duvessa

Illustrated notes

Levels and vault maps discovered:
D:1:      dpeg_arrival_fog, layout_basic, serial_glass, glass_columns_c,
          glass_columns_b, due_unseen_surprise
D:2:      layout_basic, serial_shops, nicolae_shop_real_fake_doors
D:3:      layout_loops_corners, uniq_crazy_yiuf_cottage, uniq_jessica
D:4:      layout_basic, uniq_duvessa

Skill      XL: |  1  2  3  4  5 |
---------------+----------------+-----
Unarmed Combat | 4 |  4.0
Stealth        | 2 3 |  3.0
Fighting       | 2 |  2.5
Axes           | 2 |  2.6
Dodging        | |  1.0
Shields        | |  1.0
Spellcasting   | |  1.9
Necromancy     | |  1.0

Action                     |  1- 3 |  4- 6 || total
---------------------------+-------+-------++-------
  Melee: Dagger            |   134 |   127 ||   261
         Hand axe          |       |    42 ||    42
         Short sword       |       |    40 ||    40
  Throw: Javelin           |       |     2 ||     2
         Dart              |       |     1 ||     1
   Cast: Kiss of Death     |     6 |     2 ||     8
    Use: Scroll            |       |    12 ||    12
         Potion            |       |    10 ||    10
   Stab: Sleeping          |       |     5 ||     5
 Armour: Robe              |    12 |       ||    12
         Leather armour    |    57 |   124 ||   181
  Dodge: Dodged            |    78 |   103 ||   181
  Block: Buckler           |    28 |    51 ||    79

Table legend: (Time is in decaauts)
 A = Elapsed time spent in this place.
 B = Non-inter-level travel time spent in this place.
 C = Inter-level travel time spent in this place.
 D = Time resting spent in this place.
 E = Time spent auto-exploring this place.
 F = Levels seen in this place.
 G = Mean time per level.
                   A        B        C        D        E       F      G
               +--------+--------+--------+--------+--------+-----+--------+
         Total |   3951 |   3661 |    290 |     15 |   2348 |   4 |  987.8 |
       Dungeon |   3951 |   3661 |    290 |     15 |   2348 |   4 |  987.8 |
               +--------+--------+--------+--------+--------+-----+--------+

Top non-repeatable levels by time:
     D:3: 1677 daAuts
     D:2: 832 daAuts
     D:1: 760 daAuts
     D:4: 681 daAuts
